AoeStats
← Phil

Arena

510231957Analyzed
1v1 RM · 18h ago on Sep 30, 2026· 43m 38s· 2 players
Game mode
Random Map
Map size
Tiny (2 player)
Population
200
Speed
Normal
Resources
Standard
Victory
Conquest
Starting age
Dark Age
Ending age
Imperial Age
RankedLock teamsTeams togetherTeam positionsShared explorationLock speedFull tech treeHidden civsTurbo modeCheats
Victory
Defeat
🇺🇸 Bengalis · United States
1012
+13
🇨🇳 Bohemians · China
942
-13
123
11:45 Feudal Age
16:40 Castle Age
14:56 Double-Bit Axe
15:19 Horse Collar
18:17 Bow Saw
18:20 Fervor
18:22 Heavy Plow
23:45 Pikeman
24:26 Squires
25:12 Wheelbarrow
25:01 Town Watch
26:37 Forging
26:29 Scale Mail Armor
27:31 Fletching
28:06 Hand Cart
32:11 Imperial Age
29:48 Loom
30:04 Town Patrol
31:32 Chain Mail Armor
31:53 Iron Casting
31:13 Bodkin Arrow
32:39 Padded Archer Armor
33:56 Chemistry
33:19 Ballistics
33:50 Wagenburg Tactics
33:16 Sappers
34:09 Conscription
35:19 Two-Man Saw
35:23 Blast Furnace
34:24 Bracer
34:55 Plate Mail Armor
34:43 Halberdier
39:56 Leather Archer Armor
Phil
11:28 Feudal Age
15:08 Castle Age
13:05 Double-Bit Axe
15:25 Horse Collar
20:56 Bow Saw
20:55 Heavy Plow
24:09 Wheelbarrow
25:06 Hand Cart
28:13 Imperial Age
26:05 Gold Mining
29:02 Ballistics
29:08 Bloodlines
28:59 Husbandry
30:11 Chemistry
29:20 Elite Elephant Archer
29:52 Fletching
30:03 Padded Archer Armor
30:13 Loom
30:14 Town Watch
31:41 Bodkin Arrow
32:01 Leather Archer Armor
33:15 Two-Man Saw
32:56 Crop Rotation
34:26 Gold Shaft Mining
33:42 Stone Mining
35:19 Bracer
35:49 Ring Archer Armor
38:06 Siege Engineers
39:33 Town Patrol
39:49 Paiks
41:06 Mahayana
Connection lost

Rejoining the realm…

Still unreachable

The connection could not be restored.

Session expired

The server has moved on; the page needs a fresh start.